 Dungeon Crawl Stone Soup version 0.20-a0-1006-ge6c5631 (webtiles) character file.

163 HankScorpio the Cudgeler (level 5, 0/30 HPs)
             Began as a Gargoyle Gladiator on Apr 13, 2017.
             Slain by a gnoll
             ... wielding a +0 flail
              (7 damage)
             ... on level 3 of the Dungeon.
             The game lasted 00:04:24 (2392 turns).

HankScorpio the Cudgeler (Gargoyle Gladiator)       Turns: 2392, Time: 00:04:24

Health: 0/30       AC: 11    Str: 19    XL:     5   Next: 44%
Magic:  5/5        EV: 10    Int:  8    God:
Gold:   56         SH:  0    Dex: 11    Spells: 4/4 levels left

rFire    . . .     SeeInvis .   b - +2 flail (protect)
rCold    . . .     Gourm    .   (no shield)
rNeg     + . .     Faith    .   v - +0 scale mail
rPois    ∞         Spirit   .   j - +0 helmet
rElec    +         Reflect  .   (no cloak)
rCorr    .         Harm     .   (no gloves)
MR       .....                  (no boots)
Stlth    ..........             (no amulet)
Regen    0.1/turn               (no ring)
MPRegen  0.1/turn               (no ring)

@: no status effects
A: negative energy resistance 1, electricity resistance, unbreathing,
petrification resistance, rot immunity, AC +4
a: no special abilities


You were on level 3 of the Dungeon.
You were not hungry.

You visited 1 branch of the dungeon, and saw 3 of its levels.

You collected 56 gold pieces.

Inventory:

Hand Weapons
 a - a +2 antimagic mace
 b - a +2 flail of protection (weapon)
 s - a +0 flail
Missiles
 d - 3 throwing nets (quivered)
 g - 7 tomahawks
Armour
 c - a +0 helmet
 j - a +0 helmet (worn)
 t - a +0 leather armour
 v - a +0 scale mail (worn)
Scrolls
 h - 2 scrolls of recharging {unknown}
 l - 2 scrolls of remove curse {unknown}
 m - a scroll of fog {unknown}
 p - 4 scrolls of identify {unknown}
Potions
 e - 4 potions of curing {unknown}
 n - 2 potions of lignification {unknown}
 o - 2 potions of ambrosia {unknown}
 q - a potion of degeneration {unknown}
 r - a potion of mutation {unknown}
 u - a potion of cancellation {unknown}
Books
 k - a book of Cantrips

   Spells                             Type                      Level
   a - Confusing Touch                Hexes                        1
   b - Animate Skeleton               Necromancy                   1
   c - Summon Small Mammal            Summoning                    1
   d - Apportation                    Translocation                1
Comestibles
 f - a bread ration
 i - a royal jelly


   Skills:
 - Level 2.1 Fighting
 + Level 6.0 Maces & Flails
 - Level 1.7 Throwing
 - Level 2.4 Dodging


You had 4 spell levels left.
You didn't know any spells.

Dungeon Overview and Level Annotations

Branches:
Dungeon (3/15)

Altars:
Dithmenos


Innate Abilities, Weirdness & Mutations

You are resistant to torment.
Your stone body is resilient. (AC +4)
You are immune to poison.
You resist negative energy. (rN+)
You are resistant to electric shocks. (rElec)
You can survive without breathing.
You are immune to petrification.
You are immune to rotting.


Message History

You hit the gnoll.
The gnoll is severely wounded.
The gnoll barely misses you.
The gnoll hits you but does no damage. x2
You closely miss the gnoll.
The gnoll is severely wounded.
The gnoll hits you but does no damage. The gnoll closely misses you. x2
You barely miss the gnoll.
The gnoll is severely wounded.
The gnoll hits you but does no damage. x3
Unknown command.
Your scale mail prevents you from hitting the gnoll.
The gnoll is severely wounded.
The gnoll barely misses you.
The gnoll hits you from afar with a spear.
The gnoll hits you with a flail!
* * * LOW HITPOINT WARNING * * *
The gnoll hits you but does no damage.
There is a stone staircase leading up here.
The gnoll hits you with a flail!
You die...

. .# .. #.
###g ...
#g######.#..
#.gg@.......
########>##.


You could see 2 gnolls and a hobgoblin.

Vanquished Creatures
  Jessica (D:2)
  Terence (D:2)
  3 adders (D:2)
  An ooze (D:2)
  2 dart slugs (D:1)
  3 leopard geckos
  An orc (D:2)
  8 bats
  3 giant cockroaches
  6 goblins
  4 hobgoblins
  12 jackals
  A quokka (D:2)
  6 frilled lizards
  5 kobolds
  17 rats
74 creatures vanquished.

Notes
Turn   | Place    | Note
-------+----------+-------------------------------------------
     0 | D:1      | HankScorpio the Gargoyle Gladiator began the quest for the Orb.
     0 | D:1      | Reached XP level 1. HP: 12/12 MP: 1/1
   147 | D:1      | Reached XP level 2. HP: 17/17 MP: 2/2
   441 | D:1      | Reached skill level 4 in Maces & Flails
   450 | D:1      | Reached XP level 3. HP: 14/21 MP: 3/3
  1116 | D:2      | Reached XP level 4. HP: 22/26 MP: 4/4
  1199 | D:2      | Reached skill level 5 in Maces & Flails
  1302 | D:2      | Noticed Jessica
  1308 | D:2      | Killed Jessica
  1427 | D:2      | Found a shadowy altar of Dithmenos.
  1442 | D:2      | Reached XP level 5. HP: 25/30 MP: 1/5
  1565 | D:2      | Noticed Terence
  1585 | D:2      | Killed Terence
  2165 | D:2      | Reached skill level 6 in Maces & Flails
  2392 | D:3      | Slain by a gnoll

Vault maps used:
D:1:      erik_arrival_orb_chamber, hangedman_abyss_or_decor_lesser_grid
D:2:      nicolae_overflow_crystal_walls, uniq_terence, uniq_jessica
D:3:      lemuel_crystal_altar, marbit_many_paths, first_bread

Skill      XL: |  1  2  3  4  5 |
---------------+----------------+-----
Maces & Flails | 4 5 6 |  6.0
Fighting       | |  2.1
Throwing       | |  1.7
Dodging        | |  2.4

Action                   |  1- 3 |  4- 6 || total
-------------------------+-------+-------++-------
Melee: Flail             |   106 |   104 ||   210
       Mace              |       |    50 ||    50
  Eat: Chunk             |       |     3 ||     3
       Bread ration      |       |     1 ||     1
Armor: Leather armour    |    48 |    67 ||   115
       Scale mail        |       |    25 ||    25
Dodge: Dodged            |    69 |   141 ||   210
